 Dungeon Crawl Stone Soup version 0.23.0 (webtiles) character file.

Game seed: 15183209774917716964

15 MalarOregon the Poker (level 2, 0/23 HPs)
             Began as a Merfolk Skald on Feb 14, 2019.
             Slain by a giant cockroach (1 damage)
             ... on level 1 of the Dungeon.
             The game lasted 00:00:29 (122 turns).

MalarOregon the Poker (Merfolk Skald)                Turns: 122, Time: 00:00:30

Health: 0/23       AC:  3    Str: 11    XL:     2   Next: 50%
Magic:  5/5        EV: 12    Int: 12    God:
Gold:   29         SH:  0    Dex: 13    Spells: 4/5 levels left

rFire    . . .     SeeInvis .   a - +0 spear
rCold    . . .     Gourm    .   (no shield)
rNeg     . . .     Faith    .   b - +0 leather armour
rPois    .         Spirit   .   (no helmet)
rElec    .         Reflect  .   (no cloak)
rCorr    .         Harm     .   (no gloves)
MR       .....                  (no boots)
Stlth    +.........             (no amulet)
HPRegen  0.07/turn              (no ring)
MPRegen  0.09/turn              (no ring)

@: no status effects
A: change form in water, swift swim, stealthy swim
a: no special abilities


You were on level 1 of the Dungeon.
You were not hungry.

You visited 1 branch of the dungeon, and saw 1 of its levels.

You collected 29 gold pieces.

Inventory:

Hand Weapons
 a - a +0 spear (weapon)
Armour
 b - a +0 leather armour (worn)
Potions
 d - a potion of lignification {unknown}
 f - a potion of brilliance {unknown}
Comestibles
 c - 3 chunks of flesh
 e - a ration {!d}


   Skills:
 + Level 2.3 Fighting
 * Level 3.5 Polearms
 + Level 0.8 Armour
 + Level 3.0 Dodging
 + Level 2.1 Spellcasting
 + Level 3.4 Charms


You had 4 spell levels left.
You knew the following spells:

 Your Spells              Type           Power        Failure   Level  Hunger
a - Infusion              Chrm           #...         9%          1    ##.....

Your spell library contained the following spells:

 Spells                   Type           Power        Failure   Level  Hunger
 Song of Slaying          Chrm           #.......     13%         2    ###....
 Shroud of Golubria       Chrm/Tloc      #.........   26%         2    ###....
 Regeneration             Chrm/Necr      #.........   47%         3    ####...
 Spectral Weapon          Hex/Chrm       #.......     47%         3    ####...


Dungeon Overview and Level Annotations

Branches:
Dungeon (1/15)

Altars:


Message History

You hit the ooze. The kobold hits you but does no damage.
The frilled lizard bites you but does no damage.
The ooze hits you.
You hit the ooze. The kobold barely misses you.
The ooze hits you but does no damage.
You hit the ooze.
A giant cockroach comes into view.
The kobold closely misses you. The ooze barely misses you.
The frilled lizard misses you. The frilled lizard closely misses you.
The giant cockroach moves out of view.
You hit the ooze. The kobold hits you but does no damage.
The ooze barely misses you.
The frilled lizard bites you but does no damage.
The frilled lizard bites you. The dart slug barely misses you.
You hit the ooze.
You kill the ooze!
Your Dodging skill increases to level 3!
The kobold hits you but does no damage. The frilled lizard misses you.
The frilled lizard bites you.
The frilled lizard bites you but does no damage.
You hit the dart slug. The giant cockroach bites you.
The kobold hits you but does no damage.
The frilled lizard completely misses you.
The dart slug launches a dart at you. The slug dart hits you.
The frilled lizard closely misses you.
The frilled lizard bites you but does no damage.
You hit the dart slug.
The giant cockroach bites you but does no damage.
The kobold hits you but does no damage. The frilled lizard closely misses you.
The frilled lizard bites you but does no damage. x2
The dart slug launches a dart at you. The slug dart hits you.
* * * LOW HITPOINT WARNING * * *
You hit the dart slug. The giant cockroach barely misses you.
The kobold closely misses you.
The frilled lizard completely misses you.
The frilled lizard misses you. The frilled lizard bites you.
* * * LOW HITPOINT WARNING * * *
You hit the dart slug.
You kill the dart slug!
The giant cockroach bites you.
* * * LOW HITPOINT WARNING * * *
The kobold hits you but does no damage. The frilled lizard bites you.
* * * LOW HITPOINT WARNING * * *
The frilled lizard bites you.
* * * LOW HITPOINT WARNING * * *
The frilled lizard bites you.
* * * LOW HITPOINT WARNING * * *
The giant cockroach bites you.
You die...

. ... #.#.. .#.. ... #..
#.s## #.##sK####.#
#...l@.....#
#######ll#####
#........########
#.######.##.##..#### #>#
#.#..#......#####
#.######.#.....#..##....
#......#.#.####......≈≈≈
.######.#.####......≈≈.≈≈
..........##..#...≈≈≈≈≈.≈


You could see 2 giant cockroaches, a kobold and 3 frilled lizards.

Vanquished Creatures
  An ooze (D:1)
  A dart slug (D:1)
  A leopard gecko (D:1)
  3 goblins (D:1)
  A bat (D:1)
  2 rats (D:1)
9 creatures vanquished.

Notes
Turn   | Place    | Note
-------+----------+-------------------------------------------
     0 | D:1      | MalarOregon the Merfolk Skald began the quest for the Orb.
     0 | D:1      | Reached XP level 1. HP: 16/16 MP: 3/3
    88 | D:1      | Reached XP level 2. HP: 20/22 MP: 5/5
   122 | D:1      | HP: 1/23 [frilled lizard (3)]
   122 | D:1      | Slain by a giant cockroach

Skill      XL: |  1  2 |
---------------+-------+-----
Dodging        | 3 |  3.0
Fighting       | |  2.3
Polearms       | |  3.5
Armour         | |  0.8
Spellcasting   | |  2.1
Charms         | |  3.4

Action                   || total
-------------------------++-------
Melee: Spear             ||    36
Armor: Leather armour    ||    19
Dodge: Dodged            ||    31
